 Dungeon Crawl Stone Soup version 0.20-a0-760-g49f5558 (webtiles) character file.

1519 polly the Carver (level 8, -2/71 HPs)
             Began as a Minotaur Berserker on Feb 25, 2017.
             Was a Priest of Trog.
             Succumbed to Sigmund's poison
             ... on level 5 of the Dungeon.
             The game lasted 00:04:40 (4054 turns).

polly the Carver (Minotaur Berserker)               Turns: 4054, Time: 00:04:41

Health: -2/71      AC: 10    Str: 27    XL:     8   Next: 54%
Magic:  7/7        EV: 10    Int:  9    God:    Trog [***...]
Gold:   237        SH:  6    Dex: 12    Spells: 7/7 levels left

rFire    . . .     SeeInvis .   b - +2 falchion (holy)
rCold    . . .     Gourm    .   l - +0 chain mail
rNeg     . . .     Faith    .   (no shield)
rPois    .         Spirit   .   (helmet restricted)
rElec    .         Reflect  +   (no cloak)
rCorr    .         Harm     .   (no gloves)
MR       ++...                  (no boots)
Stlth    ..........             p - +6 amulet of reflection
Regen    1.3/turn               (no ring)
MPRegen  0.1/turn               (no ring)

@: mighty, brilliant, lethally poisoned (-2 -> -20), exhausted, flying,
regenerating, slowed, very slow
A: retaliatory headbutt, horns 2
a: Berserk, Trog's Hand, Burn Spellbooks, Renounce Religion


You were on level 5 of the Dungeon.
You worshipped Trog.
Trog was most pleased with you.
You were near starving.

You visited 1 branch of the dungeon, and saw 5 of its levels.

You collected 237 gold pieces.

Inventory:

Hand Weapons
 b - a +2 falchion of holy wrath (weapon)
Armour
 l - a +0 chain mail (worn)
Jewellery
 p - a +6 amulet of reflection (around neck)
Scrolls
 g - 2 scrolls of remove curse {unknown}
 h - 3 scrolls of identify {unknown}
 i - 5 scrolls of enchant armour {unknown}
 j - a scroll of fog {unknown}
 n - 2 scrolls of magic mapping {unknown}
 o - 3 scrolls of blinking {unknown}
Potions
 e - a potion of flight
 q - a potion of curing {unknown}
 r - a potion of invisibility {unknown}
Comestibles
 c - 4 bread rations
 f - 4 meat rations
 m - a royal jelly


   Skills:
 + Level 6.4 Fighting
 + Level 9.3 Long Blades
 + Level 6.2 Armour
 + Level 4.5 Dodging
 + Level 2.0 Stealth


You had 7 spell levels left.
You didn't know any spells.

Dungeon Overview and Level Annotations

Branches:
Dungeon (5/15)             Temple (0/1) D:4

Altars:
Elyvilon
Okawaru
Uskayaw
Yredelemnul

Annotations:
D:5 Sigmund


Innate Abilities, Weirdness & Mutations

You reflexively headbutt those who attack you in melee.
You have a pair of horns on your head.


Message History

Something hits you.
You hit something. You headbutt something!
* * * LOW HITPOINT WARNING * * *
You feel very sick.
It was a potion of flight.
You feel very buoyant.
You fly up into the air.
* * * LOW HITPOINT WARNING * * *
You feel very sick. Something hits you!
* * * LOW HITPOINT WARNING * * *
You are more poisoned.
It was a potion of might.
You feel very mighty all of a sudden.
* * * LOW HITPOINT WARNING * * *
You feel very sick. You block something's attack.
It was a potion of brilliance.
You feel clever all of a sudden.
You die...

#### ..# #.#
#####{#####
#....@$...#
#.........# ##
#.........###########.
#.....................
###########.####.####.
#.....#.##.....##.
#....##.#.......#.
#..##<#.#.......#.
#..##.#....._.....


There were no monsters in sight!

Vanquished Creatures
  A two-headed ogre (D:5)
  The ghost of polly the Slasher, an amateur DrBe of Trog (D:4)
  The ghost of polly the Slasher, an amateur DrBe of Trog (D:3)
  A centaur (D:5)
  An ogre (D:4)
  A gnoll sergeant (D:4)
  A crimson imp (D:5)
  An orc priest (D:5)
  An orc wizard (D:5)
  Jessica (D:3)
  2 worker ants (D:4)
  3 gnolls (D:4)
  4 adders
  3 worms
  2 dart slugs (D:1)
  A leopard gecko (D:1)
  13 orcs
  8 bats
  4 giant cockroaches
  18 goblins
  8 hobgoblins
  3 jackals
  6 kobolds
  A quokka (D:3)
  A ball python (D:3)
  6 frilled lizards
  4 rats
97 creatures vanquished.

Notes
Turn   | Place    | Note
-------+----------+-------------------------------------------
     0 | D:1      | polly the Minotaur Berserker began the quest for the Orb.
     0 | D:1      | Reached XP level 1. HP: 19/19 MP: 0/0
   101 | D:1      | Reached XP level 2. HP: 20/27 MP: 1/1
   110 | D:1      | Reached skill level 4 in Long Blades
   754 | D:1      | Reached XP level 3. HP: 33/33 MP: 2/2
   786 | D:1      | Reached ** piety under Trog
  1197 | D:2      | Found an iron altar of Okawaru.
  1613 | D:2      | Reached XP level 4. HP: 23/41 MP: 3/3
  1818 | D:3      | Reached *** piety under Trog
  1818 | D:3      | Reached skill level 1 in Stealth
  1885 | D:3      | Noticed Jessica
  1890 | D:3      | Killed Jessica
  1958 | D:3      | Found a hide-covered altar of Uskayaw.
  1989 | D:3      | Found a basalt altar of Yredelemnul.
  1989 | D:3      | Noticed polly's ghost (amateur DrBe)
  1996 | D:3      | Killed polly's ghost
  1996 | D:3      | Reached skill level 5 in Fighting
  1996 | D:3      | Reached skill level 5 in Long Blades
  1996 | D:3      | Reached XP level 5. HP: 25/48 MP: 4/4
  1996 | D:3      | Reached XP level 6. HP: 29/56 MP: 5/5
  2694 | D:4      | Noticed polly's ghost (amateur DrBe)
  2706 | D:4      | Killed polly's ghost
  2706 | D:4      | Reached skill level 6 in Long Blades
  2946 | D:4      | Reached XP level 7. HP: 55/61 MP: 6/6
  3005 | D:4      | Found a staircase to the Ecumenical Temple.
  3115 | D:4      | Reached skill level 7 in Long Blades
  3521 | D:5      | Entered Level 5 of the Dungeon
  3536 | D:5      | Found a white marble altar of Elyvilon.
  3664 | D:5      | Noticed a two-headed ogre
  3678 | D:5      | Killed a two-headed ogre
  3678 | D:5      | Reached skill level 9 in Long Blades
  3678 | D:5      | Reached XP level 8. HP: 16/71 MP: 7/7
  4025 | D:5      | Noticed Sigmund
  4053 | D:5      | HP: 2/71 [poisoned by Sigmund]
  4054 | D:5      | Succumbed to Sigmund's poison

Vault maps used:
D:1:      minmay_arrival_four_houses
D:2:      okawaru_altar_gauntlet_db
D:3:      yredelemnul_altar_generic, lemuel_doored_altar, serial_bayou_pond_c,
          uniq_jessica
D:4:      temple_fountains
D:5:      marbit_many_paths, old_standard_altar, first_bread, serial_shops,
          nicolae_shop_temple_entry_statues_fountains, kb_xom_exploding_sheep,
          uniq_sigmund

Skill      XL: |  1  2  3  4  5  6  7 |
---------------+----------------------+-----
Long Blades    | 4 5 6 9 |  9.3
Fighting       | 4 5 6 |  6.4
Dodging        | 3 4 |  4.5
Stealth        | 1 2 |  2.0
Armour         | 3 6 |  6.2

Action                   |  1- 3 |  4- 6 |  7- 9 || total
-------------------------+-------+-------+-------++-------
Melee: Falchion          |    86 |    69 |    82 ||   237
       Headbutt          |    11 |    12 |    17 ||    40
Invok: Berserk           |       |     2 |     4 ||     6
       Burn Spellbooks   |       |       |     1 ||     1
       Trog's Hand       |       |       |     1 ||     1
  Use: Potion            |       |       |     5 ||     5
 Stab: Sleeping          |     1 |       |       ||     1
  Eat: Chunk             |     2 |     5 |     5 ||    12
       Royal jelly       |       |       |     1 ||     1
Armor: Animal skin       |    18 |     2 |       ||    20
       Chain mail        |       |    17 |    47 ||    64
Dodge: Dodged            |    66 |    39 |    23 ||   128
Block: Other             |       |       |     6 ||     6
       Rpst.: Falchion   |    17 |     9 |     8 ||    34
